 Dungeon Crawl Stone Soup version 0.23-a0-608-g7a20e1320a (webtiles) character file.

104 Napalmbreeze the Digger (level 4, -3/36 HPs)
             Began as a Draconian Earth Elementalist on Dec 21, 2018.
             Killed by divine providence
             ... invoked by an orc priest
              (15 damage)
             ... on level 3 of the Dungeon.
             The game lasted 00:04:34 (2040 turns).

Napalmbreeze the Digger (DrEE)                      Turns: 2040, Time: 00:04:35

Health: -3/36      AC:  6    Str: 11    XL:     4   Next: 52%
Magic:  6/9        EV: 12    Int: 16    God:
Gold:   140        SH:  0    Dex: 11    Spells: 5/9 levels left

rFire    . . .     SeeInvis .   e - +0 spear
rCold    . . .     Gourm    .   (no shield)
rNeg     . . .     Faith    .   (armour unavailable)
rPois    .         Spirit   .   g - +1 hat
rElec    .         Reflect  .   (no cloak)
rCorr    .         Harm     .   (no gloves)
MR       .....                  (no boots)
Stlth    ++........             (no amulet)
HPRegen  0.12/turn              (no ring)
MPRegen  0.11/turn              (no ring)

@: no status effects
A: unfitting armour, cold-blooded, AC +5
a: no special abilities


You were on level 3 of the Dungeon.
You were not hungry.

You visited 1 branch of the dungeon, and saw 3 of its levels.

You collected 140 gold pieces.

Inventory:

Hand Weapons
 e - a +0 spear (weapon)
Missiles
 b - 88 stones (quivered)
Armour
 f - a +0 buckler
 g - a +1 hat (worn)
Wands
 n - a wand of iceblast (10)
Scrolls
 a - 6 scrolls of identify {unknown}
 k - a scroll of remove curse {unknown}
Potions
 h - 2 potions of berserk rage {unknown}
 i - 2 potions of brilliance {unknown}
 j - a potion of ambrosia {unknown}
 l - a potion of haste {unknown}
 m - a potion of flight {unknown}
Comestibles
 c - 6 rations
 d - a chunk of flesh


   Skills:
 + Level 2.1 Fighting
 - Level 1.7 Dodging
 - Level 1.7 Stealth
 * Level 3.4 Spellcasting
   Level 1.0 Transmutations
 + Level 3.7 Earth Magic


You had 5 spell levels left.
You knew the following spells:

 Your Spells              Type           Power        Failure   Level  Hunger
a - Sandblast             Erth           ##....       3%          1    None
b - Stone Arrow           Conj/Erth      #.....       26%         3    ###....

Your spell library contained the following spells:

 Spells                   Type           Power        Failure   Level  Hunger
 Passwall                 Tmut/Erth      ##......     11%         2    ##.....
 Petrify                  Tmut/Erth      ##......     56%         4    ####...
 Lee's Rapid Deconstruct  Erth           ##........   71%         5    ######.


Dungeon Overview and Level Annotations

Branches:
Dungeon (3/15)

Altars:
Cheibriados
Fedhas
Xom


Innate Abilities, Weirdness & Mutations

Your plain brown scales are hard. (AC +5)
You cannot fit into any form of body armour.
You are cold-blooded and may be slowed by cold attacks.


Message History

Beogh smites you!
Casting: Sandblast (safe; 4% risk of failure)
Confirm with . or Enter, or press ? or * to list all spells.
Aiming: Sandblast (safe; 4% risk of failure)
Press: ? - help, Shift-Dir - straight line, f/p - orc priest
Aim: an orc priest, wielding a +0 club (severely wounded)
The blast of sand hits the orc.
You kill the orc!
b - 89 stones
Casting: Sandblast (safe; 3% risk of failure)
Confirm with . or Enter, or press ? or * to list all spells.
Aiming: Sandblast (safe; 3% risk of failure)
Press: ? - help, Shift-Dir - straight line, f/p - orc priest
Aim: an orc priest, wielding a +0 club (severely wounded)
The blast of sand hits the orc priest.
The orc priest is almost dead.
b - 88 stones The orc priest invokes the aid of Beogh against you.
Beogh smites you!
You die...

.....#
#รท#..............#
...... #.
#.################
.. ... ##.###......#
.. #............# ##
#............#
#............#
.............#######
..#.......##........
. #......@##########
#.......o).oo...
##......########
#......# ########


You could see an orc priest and 2 orcs.

Vanquished Creatures
  4 adders
  An adder skeleton (D:3)
  2 dart slugs
  4 leopard geckos
  An orc (D:3)
  A ball python (D:3)
  7 bats
  4 giant cockroaches
  7 goblins
  4 hobgoblins
  2 jackals (D:1)
  7 kobolds
  A quokka (D:3)
  4 frilled lizards (D:1)
  4 rats
53 creatures vanquished.

Notes
Turn   | Place    | Note
-------+----------+-------------------------------------------
     0 | D:1      | Napalmbreeze the Draconian Earth Elementalist began the
                  | quest for the Orb.
     0 | D:1      | Reached XP level 1. HP: 14/14 MP: 3/3
   140 | D:1      | Reached XP level 2. HP: 20/22 MP: 0/5
   176 | D:1      | Found a shimmering altar of Xom.
   367 | D:1      | Reached skill level 1 in Fighting
   668 | D:1      | Reached XP level 3. HP: 28/28 MP: 7/7
   696 | D:2      | Found a blossoming altar of Fedhas.
  1144 | D:2      | Found a snail-covered altar of Cheibriados.
  1628 | D:3      | Reached XP level 4. HP: 26/36 MP: 2/8
  1898 | D:3      | Learned a level 3 spell: Stone Arrow
  2040 | D:3      | Killed from afar by an orc priest

Vault maps used:
D:1:      dpeg_arrival_renting, xom_teletrap_fun
D:2:      old_standard_altar, fedhas_ov_isle_minmay
D:3:      first_ration, minivault_27, uniq_terence

Skill      XL: |  1  2  3  4 |
---------------+-------------+-----
Fighting       | 1 2 |  2.1
Spellcasting   | 3 |  3.4
Dodging        | |  1.7
Stealth        | |  1.7
Transmutations | |  1.0
Earth Magic    | |  3.7

Action                   |  1- 3 |  4- 6 || total
-------------------------+-------+-------++-------
Melee: Unarmed           |     6 |       ||     6
       Tailslap          |     9 |     3 ||    12
       Spear             |   124 |    40 ||   164
 Cast: Sandblast         |    14 |     8 ||    22
 Stab: Sleeping          |     4 |     2 ||     6
  Eat: Chunk             |     3 |     1 ||     4
Armor: Skin              |    47 |    12 ||    59
Dodge: Dodged            |    63 |    23 ||    86

Table legend:
 A = Non-vault XP
 B = Vault XP
 C = Vault XP percentage of total XP
 D = Non-vault monster count
 E = Vault monster count
 F = Vault count percentage of total count
                 A         B        C        D         E       F
            +---------+---------+-------+---------+---------+-------
      Total |     149 |       0 |   0.0 |      53 |       0 |   0.0
            +---------+---------+-------+---------+---------+-------
        D:1 |      43 |       0 |   0.0 |      23 |       0 |   0.0
        D:2 |      39 |       0 |   0.0 |      15 |       0 |   0.0
        D:3 |      67 |       0 |   0.0 |      15 |       0 |   0.0
            +---------+---------+-------+---------+---------+-------
